 Dungeon Crawl Stone Soup version 0.18-a0-1120-g03bd624 (webtiles) character file.

672 Gobser the Skirmisher (level 7, 0/76 HPs)
             Began as an Ogre Berserker on Jan 18, 2016.
             Was an Initiate of Makhleb.
             Slain by a polar bear (20 damage)
             ... created by the rage of Trog
             ... on level 5 of the Dungeon.
             The game lasted 00:18:08 (4777 turns).

Gobser the Skirmisher (Ogre Berserker)              Turns: 4777, Time: 00:18:14

Health: 0/76       AC: 10    Str: 25    XL:     7   Next: 59%
Magic:  4/7        EV: 11    Int:  6    God:    Makhleb [......]
Gold:   250        SH:  0    Dex:  9    Spells: 1 memorised, 3 levels left

rFire  . . .     SeeInvis +     a - +1 mace
rCold  . . .     Gourm    .     b - +1 animal skin
rNeg   . . .     Faith    .     (no shield)
rPois  .         Spirit   .     k - +2 hat
rElec  .         Dismiss  .     (no cloak)
rCorr  .         Reflect  .     (gloves unavailable)
SustAt .         Harm     .     (boots unavailable)
MR     .....                    (no amulet)
Stlth  +.........               c - +4 ring of protection
                                g - ring of see invisible

@: very slightly contaminated, not resistant to hostile enchantments, very
unstealthy
A: unfitting armour, tough skin 1
a: Renounce Religion


You were on level 5 of the Dungeon.
You worshipped Makhleb.
Makhleb was noncommittal.
You were not hungry.

You visited 1 branch of the dungeon, and saw 5 of its levels.

You collected 250 gold pieces.

Inventory:

Hand Weapons
 a - a +1 mace (weapon)
 e - a +0 mace
Armour
 b - a +1 animal skin (worn)
 d - a +0 helmet
 f - a +0 buckler
 i - a +0 ring mail of positive energy
 k - a +2 hat (worn)
 l - a +0 robe
Jewellery
 c - a +4 ring of protection (right hand)
 g - a ring of see invisible (left hand)
Scrolls
 h - 5 scrolls of teleportation
Potions
 j - a potion of might
Books
 o - a book of Maledictions

   Spells                             Type                      Level
   a - Corona                         Hexes                        1
   b - Ensorcelled Hibernation        Hexes/Ice                    2
   c - Confuse                        Hexes                        3
   d - Tukima's Dance                 Hexes                        3
   e - Dazzling Spray                 Conjuration/Hexes            3
Comestibles
 n - a bread ration


   Skills:
 + Level 6.8 Fighting
 + Level 6.5 Maces & Flails
 + Level 5.4 Dodging
 + Level 1.5 Stealth


You had 3 spell levels left.
You knew the following spells:

 Your Spells              Type           Power        Failure   Level  Hunger
a - Dazzling Spray        Conj/Hex       #.......     97%         3    ####...


Dungeon Overview and Level Annotations

Branches:
Dungeon (5/15)
 Temple: D:4-7

Altars:
Cheibriados
Dithmenos
Makhleb
Qazlal
Yredelemnul


Innate Abilities, Weirdness & Mutations

You are too large for most types of armour.
You have tough skin (AC +1).


Message History

Casting: Dazzling Spray
Confirm with . or Enter, or press ? or * to list all spells.
The spell is very dangerous to cast!
Continue anyway?
Okay, then.
Casting: Dazzling Spray
Confirm with . or Enter, or press ? or * to list all spells.
The spell is very dangerous to cast!
Continue anyway?
Uppercase [Y]es or [N]o only, please.
The spell is very dangerous to cast!
Continue anyway?
Aiming: Dazzling Spray
Press: ? - help, Shift-Dir - straight line, f - polar bear
Aim: a polar bear (berserk, fast, unusually strong, durably summoned)
You miscast Dazzling Spray.
You are very lightly contaminated with residual magic.
You feel off-balance for a moment.
You hear an angry growl.
The polar bear closely misses you. The polar bear barely misses you.
The polar bear claws you but does no damage.
The jackal barely misses you. The polar bear bites you!!
You die...

#.+... ###... #... #...
####... #......
#.###### #......
#.h..h.# #...### #@#
#...#
##h##########...###
#.hh.h.h...........
#..#####...........
#... #........)). .....
+........... ....:..
#...........
#......................
#........###...........


You could see 2 polar bears, a black bear (berserk) and 2 jackals.

Vanquished Creatures
  Menkaure (D:5)
  2 ogres
  A hound (D:4)
  3 iguanas (D:4)
  2 orc wizards (D:3)
  4 worker ants (D:4)
  4 adders
  2 oozes (D:2)
  An adder skeleton (D:4)
  4 worms
  5 giant geckos
  4 orcs
  3 bats
  3 giant cockroaches
  9 hobgoblins
  2 jackals (D:2)
  3 quokkas
  3 ball pythons
  7 giant newts
  4 goblins
  6 kobolds
  9 rats
82 creatures vanquished.

Notes
Turn   | Place    | Note
--------------------------------------------------------------
     0 | D:1      | Gobser the Ogre Berserker began the quest for the Orb.
     0 | D:1      | Reached XP level 1. HP: 24/24 MP: 1/1
     6 | D:1      | Noticed a minotaur zombie
    16 | D:1      | Noticed a merfolk zombie
   367 | D:1      | Reached XP level 2. HP: 33/33 MP: 2/2
   856 | D:2      | Reached ** piety under Trog
   884 | D:2      | Reached XP level 3. HP: 30/40 MP: 3/3
  1670 | D:2      | Reached skill level 5 in Fighting
  1670 | D:2      | Reached XP level 4. HP: 48/50 MP: 4/4
  2447 | D:3      | Reached *** piety under Trog
  2470 | D:3      | Reached XP level 5. HP: 36/57 MP: 5/5
  2940 | D:4      | Found a basalt altar of Yredelemnul.
  2941 | D:4      | Found a snail-covered altar of Cheibriados.
  3044 | D:4      | Reached skill level 5 in Maces & Flails
  3565 | D:4      | Reached XP level 6. HP: 34/67 MP: 6/6
  3917 | D:4      | Found a shadowy altar of Dithmenos.
  3918 | D:4      | Found a burning altar of Makhleb.
  3933 | D:4      | Reached skill level 1 in Stealth
  3937 | D:4      | Reached skill level 6 in Fighting
  3950 | D:4      | Fell from the grace of Trog
  3950 | D:4      | Became a worshipper of Makhleb the Destroyer
  4193 | D:4      | Reached skill level 5 in Dodging
  4193 | D:4      | Reached XP level 7. HP: 41/75 MP: 7/7
  4368 | D:4      | Found a stormy altar of Qazlal.
  4551 | D:5      | Entered Level 5 of the Dungeon
  4592 | D:5      | Learned a level 3 spell: Dazzling Spray
  4617 | D:5      | Noticed Menkaure
  4634 | D:5      | Killed Menkaure
  4767 | D:5      | Noticed a polar bear
  4767 | D:5      | Noticed a polar bear
  4767 | D:5      | Noticed a polar bear
  4777 | D:5      | Slain by a polar bear

Vault maps used:
D:1:      shiori_arrival_whats_in_store_for_you
D:2:      minmay_door_path, st_stairs_11
D:4:      gammafunk_temple_overflow_pools, nicolae_qazlal_eye_of_the_storm,
          gammafunk_temple_overflow_statue, first_bread, kennysheep_nub,
          grunt_decor_mini_mirrors
D:5:      minmay_temple_entry_statues, uniq_menkaure

Action                   |  1- 3 |  4- 6 |  7- 9 || total
-------------------------+-------+-------+-------++-------
Melee: Mace              |   129 |   189 |    27 ||   345
Invok: Berserk           |     1 |     2 |       ||     3
  Use: Scroll            |     6 |     5 |     1 ||    12
       Potion            |     1 |     5 |     3 ||     9
 Stab: Sleeping          |     1 |       |       ||     1
  Eat: Bread ration      |     1 |       |       ||     1
       Beef jerky        |     1 |       |       ||     1
       Meat ration       |       |     2 |       ||     2
